 Dungeon Crawl Stone Soup version 0.21.1-1-g345015f (webtiles) character file.

37 doot the Skirmisher (level 3, 0/43 HPs)
             Began as a Demonspawn Chaos Knight on May 5, 2018.
             Slain by a worm (7 damage)
             ... on level 2 of the Dungeon.
             The game lasted 00:02:49 (1135 turns).

doot the Skirmisher (Demonspawn Chaos Knight)       Turns: 1135, Time: 00:02:50

Health: 0/43       AC: 21    Str: 13    XL:     3   Next: 23%
Magic:  3/3        EV:  2    Int: 13    God:    Xom [.*....]
Gold:   21         SH:  0    Dex: 12    Spells: 2/2 levels left

rFire    . . .     SeeInvis .   a - +0 mace (chaos)
rCold    . . .     Gourm    .   (no shield)
rNeg     + + +     Faith    .   (armour currently unavailable)
rPois    +         Spirit   .   (helmet currently unavailable)
rElec    .         Reflect  .   (cloak currently unavailable)
rCorr    .         Harm     .   (gloves currently unavailable)
MR       .....     NoTele   +   (boots currently unavailable)
Stlth    +.........             (no amulet)
HPRegen  0.14/turn              (no ring)
MPRegen  0.08/turn              (no ring)

@: tree-form
A: no striking features
a: Renounce Religion


You were on level 2 of the Dungeon.
You worshipped Xom.
You were a plaything of Xom.
You were not hungry.
You were a tree.
You visited 1 branch of the dungeon, and saw 2 of its levels.

You collected 21 gold pieces.

Inventory:

Hand Weapons
 a - a +0 mace of chaos (weapon)
Armour
 b - a +2 leather armour (melded)
 h - a +0 pair of boots (melded)
Wands
 l - a wand of flame (17)
Scrolls
 e - 2 scrolls of identify
 f - 2 scrolls of teleportation {unknown}
 g - 2 scrolls of remove curse
Comestibles
 c - a ration
 k - 5 chunks of flesh


   Skills:
 + Level 3.5 Fighting
 + Level 3.2 Maces & Flails
 + Level 2.0 Armour
 + Level 0.9 Dodging
 + Level 0.6 Stealth


You had 2 spell levels left.
You didn't know any spells.

Dungeon Overview and Level Annotations

Branches:
Dungeon (2/15)

Altars:


Innate Abilities, Weirdness & Mutations

((You are partially covered in molten scales. (AC +2)))
((Your flesh is heat resistant. (rF+)))


Message History

Your experience leads to an increase in your attributes!
Increase (S)trength, (I)ntelligence, or (D)exterity?
You feel stronger.
Your demonic ancestry asserts itself...
Molten scales grow over part of your body.
You sock the rat!
You kill the rat!
You start resting.
A worm comes into view.
You hit the worm.
The worm is lightly wounded.
The worm bites you but does no damage.
You hit the worm but do no damage.
The worm is lightly wounded.
You hit the worm.
The worm goes berserk!
The worm is heavily wounded.
The worm bites you.
* * * LOW HITPOINT WARNING * * *
The worm bites you!
You die... "I guess I need a new plaything now."

....... #........
.$..... #........
.(..... #....r...
....... #........
....... #........
.......##.......#
.......##.......#
......†..w##
........##♣##
####
#####..##.(.##
.....
#.##..#..#...#
#######.#).#.#..#
#....##.†#..#÷.##
#....###.##...##.
#....# #..##.##..
#....####÷.##....
#....##.......##


You could see a worm (berserk).

Vanquished Creatures
  2 adders (D:2)
  A dart slug (D:1)
  A leopard gecko (D:2)
  A giant cockroach (D:2)
  2 goblins
  2 hobgoblins
  2 jackals (D:2)
  A ball python (D:2)
  2 bats
  A frilled lizard (D:2)
  2 rats
17 creatures vanquished.

Notes
Turn   | Place    | Note
-------+----------+-------------------------------------------
     0 | D:1      | doot the Demonspawn Chaos Knight began the quest for the Orb.
     0 | D:1      | Reached XP level 1. HP: 18/18 MP: 1/1
   128 | D:1      | XOM: divination: detect items
   242 | D:1      | XOM: mild Air miscast
   703 | D:1      | XOM: mild Necr miscast
   947 | D:2      | XOM: enchant monster (good)
   954 | D:2      | Gained mutation: Your flesh is heat resistant. (rF+) [demonic ancestry]
   954 | D:2      | Reached XP level 2. HP: 24/24 MP: 2/2
   976 | D:2      | XOM: harmless Ice miscast
  1129 | D:2      | Gained mutation: You are partially covered in molten scales. (AC +2) [demonic ancestry]
  1129 | D:2      | Reached XP level 3. HP: 7/29 MP: 3/3
  1135 | D:2      | Slain by a worm

Skill      XL: |  1  2 |
---------------+-------+-----
Maces & Flails | 3 |  3.2
Armour         | 2 |  2.0
Fighting       | |  3.5
Dodging        | |  0.9
Stealth        | |  0.6

Action                   || total
-------------------------++-------
Melee: Mace              ||    47
  Use: Scroll            ||     3
       Potion            ||     1
 Stab: Paralysed         ||     3
  Eat: Chunk             ||     1
Armor: Leather armour    ||    14
       Skin              ||     8
Dodge: Dodged            ||    29
